 Dungeon Crawl Stone Soup version 0.27.1-35-g4d5d836560 (webtiles) character file.

Game seed: 8556444067296265868

2347 pkoi the Insei (level 9, -2/68 HPs)
             Began as a Demigod Gladiator on May 19, 2022.
             Killed from afar by Harold (12 damage)
             ... with a harpoon shot
             ... on level 6 of the Dungeon.
             The game lasted 00:08:49 (10449 turns).

pkoi the Insei (Demigod Gladiator)                 Turns: 10449, Time: 00:08:49

Health: -2/68      AC: 10    Str: 15    XL:     9   Next: 0%
Magic:  25/25      EV: 18    Int: 22    God:
Gold:   150        SH:  0    Dex: 15    Spells: 9/13 levels left

rFire    . . .     SeeInvis .   m - +3 dagger (venom)
rCold    . . .     Faith    .   (no shield)
rNeg     . . .     Spirit   .   k - +0 steam dragon scales
rPois    .         Reflect  .   b - +1 helmet
rElec    .         Harm     .   e - +1 cloak of Starlight {*Dazzle EV+4 Stlth--}
rCorr    .         Rampage  .   (no gloves)
Will     .....                  (no boots)
Stlth    ..........             (no amulet)
HPRegen  0.21/turn              i - ring of magical power
MPRegen  0.19/turn              (no ring)

@: marked
A: high mp 1, forlorn
a: no special abilities


You were on level 6 of the Dungeon.
You visited 1 branch of the dungeon, and saw 7 of its levels.

You collected 304 gold pieces.
You spent 154 gold pieces at shops.

Inventory:

Hand Weapons
 d - a +0 short sword
 h - a +0 rapier
 m - a +3 dagger of venom (weapon)
Missiles
 c - 3 throwing nets (quivered)
Armour
 a - a +0 leather armour
 b - a +1 helmet (worn)
 e - the +1 cloak of Starlight (worn) {*Dazzle EV+4 Stlth--}
   (You acquired it on level 5 of the Dungeon)

   It may blind those who miss an attack against the wearer in melee combat.
   EV:        It affects your evasion (+4).
   Stlth:     It makes you much less stealthy.
 k - +0 steam dragon scales (worn)
 o - a +0 chain mail
Jewellery
 i - a ring of magical power (left hand)
Wands
 s - a wand of iceblast (9)
Scrolls
 p - a scroll of identify
Potions
 g - 2 potions of haste
 j - a potion of lignification {unknown}
 l - a potion of cancellation
 n - 3 potions of curing
 q - 3 potions of flight
 r - a potion of heal wounds


   Skills:
 + Level 2.9 Fighting
 - Level 1.7 Throwing
 + Level 4.3 Armour
 + Level 5.6 Dodging
 * Level 7.8 Unarmed Combat
 + Level 2.8 Spellcasting
 + Level 3.0 Summonings


You had 9 spell levels left.
You knew the following spells:

 Your Spells              Type           Power      Damage    Failure   Level
a - Summon Small Mammal   Summ           64%        N/A       3%          1
b - Call Canine Familiar  Summ           16%        N/A       11%         3

Your spell library contained the following spells:

 Spells                   Type           Power      Damage    Failure   Level
 Corona                   Hex            3%         N/A       13%         1
 Ensorcelled Hibernation  Hex/Ice        6%         N/A       19%         2
 Summon Guardian Golem    Hex/Summ       9%         N/A       21%         3
 Tukima's Dance           Hex            3%         N/A       36%         3


Dungeon Overview and Level Annotations

Branches:
Dungeon (7/15)             Temple (0/1) D:6

Shops:
D:5 *=!*(

Portals:
Abyss: D:1***

Annotations:
D:5 2 transporters, Fek's ghost, novice HOFi
D:6 Harold


Innate Abilities, Weirdness & Mutations

Your attributes grow dramatically as you level up.
You have an increased reservoir of magic. (+10% MP)
You shall have no god before yourself.


Message History

You are now empty-handed.
You hit Harold. You punch Harold, but do no damage.
Harold is moderately wounded.
Harold misses you.
You catch the helpless Harold completely off-guard!
You hit Harold.
Harold is heavily wounded.
Harold is no longer blind.
Harold hits you with a +0 morningstar!
* * * LOW HITPOINT WARNING * * *
You hit Harold.
Harold is heavily wounded.
Harold hits you with a +0 morningstar!
* * * LOW HITPOINT WARNING * * *
Unknown command.
Harold drinks a potion.
Harold is healed!
Harold points at you and mumbles some strange words.
The mark upon you grows brighter.
There is a stone staircase leading up here.
Harold throws a throwing net.
The throwing net hits you.
You become entangled in the net!
You stop ascending the stairs.
You struggle against the net.
You struggle against the net.
Your +3 dagger of venom begins to drip with poison!
m - a +3 dagger of venom (weapon)
Harold points at you and mumbles some strange words.
The mark upon you grows brighter.
You rip the net and break free!
Harold closely misses you. Harold hits you with a +0 morningstar!
* * * LOW HITPOINT WARNING * * *
You climb upwards.
There is a stone staircase leading down here.
Unknown command.
You hit Harold but do no damage.
Harold looks as sick as possible!
Harold is heavily wounded.
Harold misses you.
Harold throws a throwing net.
The throwing net closely misses you.
You see here a throwing net.
Harold fires a harpoon shot at you. The harpoon shot hits you!
You die...

#..#.#.#.##.### ###.(....# ###
#..#.#.#.##^#.###....###.###.#
#..#.#.......#.##.#### #.##.#.
#...........#.###.# #.#.###
####.########.# #.# #..##..
#.# #.# #.# #.#.#.# #.# #.#
#.# #.##...
#.########.###.######.###.#
#.....>..#@##....>.....##.#
########@#.##..######..##.#
#.#.##..# ##......
#.@.....#####.......
###.##.###.........# #.##.#
#.##.....## #.##.###.###....#
#.##.....)....#.##
#.######.########.


You could see Harold (very poisoned).

Vanquished Creatures
  A boulder beetle (D:7)
  A steam dragon (D:6)
  Menkaure (D:5)
  Edmund (D:4)
  An ice beast (D:5)
  A black bear (D:3)
  A phantom (D:6)
  A bullfrog (D:7)
  A scorpion (D:5)
  2 water moccasin skeletons
  4 wights
  A howler monkey (D:5)
  2 centaur zombies (D:6)
  A jelly (D:6)
  4 hounds
  A bullfrog skeleton (D:6)
  3 iguanas
  2 orc wizards (D:6)
  A hound skeleton (D:4)
  10 adders
  A white imp (D:7)
  2 ufetubi
  3 worms
  3 dart slugs
  11 orcs
  4 endoplasms (D:2)
  4 giant cockroaches
  8 goblins
  9 hobgoblins
  6 jackals
  5 quokkas
  6 ball pythons
  3 bats
  3 frilled lizards
  11 kobolds
  A rat (D:1)
120 creatures vanquished.

Vanquished Creatures (others)
  A centaur zombie (D:6)
1 creature vanquished.

Grand Total: 121 creatures vanquished

Notes
Turn   | Place    | Note
-------+----------+-------------------------------------------
     0 | D:1      | pkoi the Demigod Gladiator began the quest for the Orb.
     0 | D:1      | Reached XP level 1. HP: 17/17 MP: 3/3
   137 | D:1      | Reached skill level 3 in Unarmed Combat
   770 | D:1      | Reached XP level 2. HP: 24/24 MP: 4/4
  2031 | D:2      | Reached XP level 3. HP: 24/29 MP: 5/5
  2422 | D:2      | Reached skill level 1 in Armour
  3286 | D:3      | Noticed a black bear
  3295 | D:3      | Killed a black bear
  3296 | D:3      | Reached skill level 4 in Unarmed Combat
  3296 | D:3      | Reached XP level 4. HP: 13/36 MP: 6/6
  3857 | D:3      | Reached XP level 5. HP: 33/41 MP: 7/7
  4482 | D:4      | Learned a level 1 spell: Summon Small Mammal
  4644 | D:4      | Noticed Edmund
  4680 | D:4      | Killed Edmund
  4681 | D:4      | Reached skill level 1 in Summonings
  4681 | D:4      | Reached XP level 6. HP: 42/48 MP: 10/10
  4704 | D:4      | Learned a level 3 spell: Call Canine Familiar
  4796 | D:4      | Reached skill level 5 in Unarmed Combat
  4796 | D:4      | Reached skill level 1 in Spellcasting
  5629 | D:5      | Entered Level 5 of the Dungeon
  5708 | D:5      | Found Kihiwn's Assorted Antiques.
  6139 | D:5      | Found Ogux's Distillery.
  6146 | D:5      | Bought a potion of heal wounds for 55 gold pieces
  6146 | D:5      | Bought a potion of mutation for 88 gold pieces
  6146 | D:5      | Bought a potion of degeneration for 11 gold pieces
  6169 | D:5      | Identified a scroll of acquirement
  6169 | D:5      | Acquired the +1 cloak of Starlight {*Dazzle EV+4 Stlth--}
  6169 | D:5      | Found the +1 cloak of Starlight {*Dazzle EV+4 Stlth--}
  6240 | D:5      | Found Soohecea's General Store.
  6807 | D:5      | Found Tixoyni's Antique Weapon Shop.
  7021 | D:5      | Noticed Fek's ghost (novice HOFi)
  7022 | D:5      | Found a transporter.
  7024 | D:5      | Found a transporter.
  7025 | D:5      | Identified the +5 dire flail of Dried Tears {antimagic,
                  | rC++}
  7085 | D:5      | Found Oxesay's Jewellery Boutique.
  7085 | D:5      | Noticed Menkaure
  7099 | D:5      | Killed Menkaure
  7100 | D:5      | Reached XP level 7. HP: 22/53 MP: 12/12
  7796 | D:6      | Reached skill level 6 in Unarmed Combat
  8481 | D:6      | Noticed a steam dragon
  8501 | D:6      | Killed a steam dragon
  8518 | D:6      | Reached XP level 8. HP: 35/60 MP: 13/13
  8549 | D:6      | Found a staircase to the Ecumenical Temple.
  8710 | D:6      | Reached skill level 5 in Dodging
  8937 | D:6      | Reached skill level 7 in Unarmed Combat
 10363 | D:7      | Noticed a boulder beetle
 10388 | D:7      | Killed a boulder beetle
 10389 | D:7      | Reached XP level 9. HP: 63/68 MP: 16/16
 10414 | D:7      | Noticed Harold
 10449 | D:6      | Killed from afar by Harold

Illustrated notes

Levels and vault maps discovered:
D:1:      minmay_arrival_glassed_features, layout_loops_cross
D:2:      layout_basic, minmay_misc_feat_plants
D:3:      layout_loops_cross, dreamdust_ecumenical_altar_statues
D:4:      layout_rooms, okawaru_altar_gauntlet_db, kennysheep_boxes, uniq_edmund
D:5:      layout_basic, gammafunk_ghost_smash, serial_shops, shop,
          nicolae_square_shop, kennysheep_little_box, shop_statue, shop,
          kennysheep_generic_room_4, uniq_menkaure
D:6:      layout_loops_ring, nicolae_dithmenos_through_a_glass_darkly,
          minmay_temple_entry_junction_2, kennysheep_generic_room_6
D:7:      layout_gridville, serial_shops, nicolae_shop_crystal, uniq_harold

Skill      XL: |  1  2  3  4  5  6  7  8 |
---------------+-------------------------+-----
Unarmed Combat | 3 4 5 6 7 |  7.8
Dodging        | 3 4 5 |  5.6
Armour         | 1 2 3 4 |  4.3
Summonings     | 1 3 |  3.0
Spellcasting   | 1 2 |  2.8
Fighting       | 2 |  2.9
Throwing       | |  1.7

Action                   |  1- 3 |  4- 6 |  7- 9 || total
-------------------------+-------+-------+-------++-------
Melee: Unarmed           |    84 |    19 |   225 ||   328
       Punch             |     2 |     3 |     3 ||     8
       Rapier            |    31 |       |       ||    31
       Dagger            |    44 |   192 |    18 ||   254
Throw: Throwing net      |       |     2 |       ||     2
  Use: Scroll            |       |     7 |     3 ||    10
 Stab: Sleeping          |     1 |       |       ||     1
       Invisible         |       |     1 |    11 ||    12
       Held in net/web   |       |     1 |       ||     1
Armor: Leather armour    |    44 |       |       ||    44
       Chain mail        |       |   121 |    44 ||   165
       Steam dragon scal |       |       |    33 ||    33
Dodge: Dodged            |    98 |    77 |   150 ||   325
